 Dungeon Crawl Stone Soup version 0.32-a0-643-ga006e7742e (webtiles) character file.

Game seed: 5417243252819701415

79156 Pooter the Severer (level 15, -1/120 (138) HPs)
             Began as a Minotaur Berserker on Mar 6, 2024.
             Was an Elder of Trog.
             Shot with an arrow by a centaur (10 damage)
             ... led by a centaur warrior
             ... on level 13 of the Dungeon on Mar 7, 2024.
             The game lasted 01:59:11 (29817 turns).

Pooter the Severer (Minotaur Berserker)            Turns: 29817, Time: 01:59:11

HP:   -1/120 (138)  AC: 19    Str: 27    XL:     15   Next: 20%
MP:   14/14         EV:  8    Int:  6    God:    Trog [****..]
Gold: 1398          SH:  0    Dex: 10    Spells: 14/14 levels left

rFire   + . .        a - +5 battleaxe (freeze)
rCold   . . .        (shield currently unavailable)
rNeg    . . .        v - +0 plate armour {rF+}
rPois   .            O - +1 hat
rElec   .            T - +1 cloak {Stlth+}
rCorr   .            h - +0 pair of gloves
SInv    +            (no boots)
Will    +....        (no amulet) Stlth
                     S - ring of see invisible
HPRegen 0.40/turn    n - +4 ring of slaying
MPRegen 0.14/turn

%: no passive effects
@: on berserk cooldown, slowed, heavily drained, very slow
A: horns 2, retaliatory headbutt
a: Renounce Religion, Berserk, Trog's Hand, Brothers in Arms


You were on level 13 of the Dungeon.
You worshipped Trog.
Trog was greatly pleased with you.
You visited 3 branches of the dungeon, and saw 20 of its levels.

You collected 1702 gold pieces.
You spent 304 gold pieces at shops.

Inventory:

Hand Weapons
 a - a +5 battleaxe of freezing (weapon)
   (You took it off a wight on level 6 of the Dungeon)
 b - a +1 arbalest
   (You found it on level 8 of the Dungeon)
 c - a +3 dire flail
   (You took it off a wight on level 8 of the Dungeon)
 p - the +2 orcbow "Undertaker" {flame, rPois rCorr Dex-5 SInv}
   (You acquired it on level 9 of the Dungeon)

   Dex-5:     It affects your dexterity (-5).
   rPois:     It protects you from poison.
   SInv:      It lets you see invisible.
   rCorr:     It protects you from acid and corrosion.
 y - a +4 trident
   (You took it off a wight on level 7 of the Dungeon)
 I - a +2 battleaxe of draining
   (You found it on level 5 of the Lair of Beasts)
 X - a +5 battleaxe
   (You took it off Urug on level 5 of the Lair of Beasts)
Missiles
 m - 17 poisoned darts
 o - 7 throwing nets {!f}
 z - 20 boomerangs (quivered)
 D - 7 javelins
 Q - 201 stones
 R - 5 curare-tipped darts
Armour
 h - a +0 pair of gloves (worn)
   (You found it on level 1 of the Dungeon)
 v - a +0 plate armour of fire resistance (worn)
   (You took it off an orc warrior on level 2 of the Orcish Mines)
 L - a +1 scale mail of fire resistance
   (You found it on level 5 of the Dungeon)
 O - a +1 hat (worn)
   (You found it on level 7 of the Dungeon)
 T - a +1 cloak of stealth (worn)
   (You acquired it on level 9 of the Dungeon)
Jewellery
 g - a +5 ring of evasion
   (You found it on level 1 of the Lair of Beasts)
 n - a +4 ring of slaying (right hand)
   (You took it off Rupert on level 5 of the Lair of Beasts)
 s - a +6 ring of dexterity
   (You found it on level 3 of the Dungeon)
 C - a ring of resist corrosion
   (You found it on level 10 of the Dungeon)
 K - a +6 ring of strength
   (You found it on level 11 of the Dungeon)
 N - an amulet of faith {!P}
   (You took it off a kobold brigand on level 7 of the Dungeon)
 S - a ring of see invisible (left hand)
   (You found it on level 4 of the Lair of Beasts)
Wands
 d - a wand of polymorph (13)
   (You found it on level 5 of the Dungeon)
 F - a wand of charming (3)
   (You found it on level 10 of the Dungeon)
 H - a wand of light (2)
   (You found it on level 5 of the Dungeon)
 V - a wand of warping (7)
   (You found it on level 10 of the Dungeon)
Scrolls
 j - 3 scrolls of poison {!r}
 k - 2 scrolls of revelation
 t - 3 scrolls of teleportation {@r4}
 x - 2 scrolls of butterflies
 E - 2 scrolls of immolation {!r}
 G - 2 scrolls of noise {!r}
 M - 2 scrolls of fear
Potions
 e - 2 potions of ambrosia {unknown}
 f - a potion of invisibility {unknown}
 i - 2 potions of mutation {unknown}
 l - 6 potions of curing {@q1}
 q - 2 potions of cancellation
 r - a potion of heal wounds {@q2}
 u - 2 potions of might
 A - 3 potions of enlightenment
 B - a potion of lignification {unknown}
 P - 2 potions of berserk rage {unknown}
 U - 2 potions of haste {@q3}
 W - a potion of attraction {unknown}
 Y - a potion of experience {unknown}
 Z - a potion of resistance
Miscellaneous
 w - a phial of floods
   (You found it on level 5 of the Lair of Beasts)
 J - a phantom mirror
   (You found it on level 13 of the Dungeon)


   Skills:
 + Level 14.0 Fighting
 * Level 18.8 Axes
 * Level 16.4 Ranged Weapons
 + Level 10.2 Armour
 - Level 2.1 Dodging
 + Level 8.5 Evocations


You had 14 spell levels left.
You didn't know any spells.
Your spell library was empty.

Dungeon Overview and Level Annotations

Branches:
Dungeon (13/15) Zot: 25810  Temple (0/1) D:4            Lair (5/5) D:10 Zot: 18347
 Shoals (0/4) Lair:3        Snake (0/4) Lair:3        Slime (0/5) Lair:4
    Orc (2/2) D:12 Zot: 8192     Elf (0/3) Orc:2
 Vaults: D:13-14

Altars:
Ashenzari
Dithmenos
Fedhas
Kikubaaqudgha
Makhleb
Wu Jian
Xom
Beogh
Jiyva

Shops:
D:4 :   Orc:2 **([

Annotations:
D:7 2 transporters, YayAnonymity's ghost, novice MiFi


Innate Abilities, Weirdness & Mutations

You have a pair of horns on your head.
You reflexively headbutt those who attack you in melee.


Message History

Trog accepts your kill.
You slash the centaur! You freeze the centaur. The centaur closely misses you.
The centaur kicks you but does no damage.
The rakshasa gestures at you. The lance of force hits you!!!
* * * LOW HITPOINT WARNING * * *
You are knocked back by the lance of force.
You slam into the rock wall!
The centaur shoots an arrow.
The arrow hits you.
* * * LOW HITPOINT WARNING * * *
The centaur shoots an arrow.
The arrow barely misses you.
The centaur wields a +1 orcbow of draining.
You sense an unholy aura.
The centaur shoots an arrow.
The arrow barely misses you.
The centaur shoots an arrow.
The arrow hits you.
* * * LOW HITPOINT WARNING * * *
The centaur shoots an arrow.
The arrow barely misses you.
The centaur shoots an arrow.
The arrow hits you.
* * * LOW HITPOINT WARNING * * *
You feel drained.
* * * LOW HITPOINT WARNING * * *
The centaur shoots an arrow.
The arrow barely misses you.
The centaur shoots an arrow.
The arrow hits you!
* * * LOW HITPOINT WARNING * * *
The centaur shoots an arrow.
The arrow hits you.
* * * LOW HITPOINT WARNING * * *
You feel drained.
* * * LOW HITPOINT WARNING * * *
The centaur shoots an arrow.
The arrow hits you.
* * * LOW HITPOINT WARNING * * *
You feel much better.
The centaur shoots an arrow.
The arrow barely misses you.
The centaur shoots an arrow.
The arrow hits you but does no damage.
The rakshasa blinks!
Unknown command.
The centaur shoots an arrow.
The arrow hits you.
* * * LOW HITPOINT WARNING * * *
You feel drained.
* * * LOW HITPOINT WARNING * * *
The centaur unwields a +0 orcbow.
The centaur closely misses you. You furiously retaliate!
You headbutt the centaur!! The centaur completely misses you.
The centaur shoots an arrow.
The arrow barely misses you.
The centaur shoots an arrow.
The arrow closely misses you.
The rakshasa blinks!
The centaur hits you but does no damage.
The centaur kicks you.
* * * LOW HITPOINT WARNING * * *
There is a stone staircase leading up, spattered with blood here.
The centaur shoots an arrow.
The arrow hits you!
* * * LOW HITPOINT WARNING * * *
The centaur shoots an arrow.
The arrow hits you!
You die...

.# # #.# #. #.## #..
#..## ###...######...##
#####.
......c@........###.....
<.....[.................
.......c.c..............
...R.....)..............
........................
........................
................).......
#####...##.).#####...##.
#... ##### #...##.


You could see a rakshasa and 3 centaurs.

Vanquished Creatures
  Rupert (Lair:5)
  An orc warlord (Orc:2)
  An ironbound preserver (D:12)
  2 dire elephants (Lair:5)
  Harold (Lair:2)
  A hydra (Lair:5)
  3 centaur warriors
  4 boulder beetles
  7 two-headed ogres
  4 death yaks (Lair:5)
  Urug (Lair:5)
  2 orc high priests (Orc:2)
  3 skysharks
  A spectral anaconda (Lair:5)
  An obsidian statue (Lair:5)
  A glowing orange brain (D:12)
  A lindwurm (Lair:4)
  A deep elf pyromancer (D:13)
  4 necromancers (Lair:5)
  An ugly thing (D:12)
  4 orc knights
  3 orc sorcerers
  A manticore (D:12)
  32 elephants
  2 cyclopes
  2 dire elephant zombies (Lair:5)
  3 black mambas
  9 kobold blastminers
  A gargoyle (D:12)
  2 torpor snails
  Jeremiah (D:9)
  12 cane toads
  2 rime drakes
  2 unseen horrors (D:12)
  4 kobold demonologists (D:10)
  13 komodo dragons
  11 trolls
  A polar bear (Lair:3)
  A spectral elephant (Lair:5)
  5 blink frogs (Lair:5)
  5 slime creatures
  Sigmund (D:5)
  A vampire (D:12)
  3 wyverns
  33 yaks
  2 shadows (D:10)
  A wraith (D:7)
  A warg (Orc:2)
  A golden eye (Lair:2)
  3 basilisks
  3 steam dragons
  A death yak simulacrum (Lair:5)
  3 vampire mosquitoes (D:12)
  3 nagas (Lair:3)
  10 water moccasins
  30 orc warriors
  9 ice beasts
  2 sky beasts
  2 elephant zombies (Lair:5)
  3 black bears
  13 ogres
  21 wolves
  An elephant skeleton (Lair:5)
  14 centaurs
  3 phantoms
  3 kobold brigands
  Blork the orc (D:5)
  9 bullfrogs
  4 scorpions
  A gnoll sergeant (D:8)
  19 wights
  A cane toad simulacrum (Lair:5)
  An elephant simulacrum (Lair:5)
  5 killer bees (D:11)
  An electric eel (Lair:4)
  4 howler monkeys
  3 crimson imps (D:11)
  7 hounds
  14 orc priests
  6 jellies
  2 gnoll boudas (D:9)
  2 iguanas (D:5)
  20 orc wizards
  21 gnolls
  8 adders
  4 ufetubi
  3 dart slugs
  2 ribbon worms
  81 orcs
  5 ball pythons
  6 endoplasms
  5 goblins
  6 hobgoblins
  4 jackals (D:1)
  11 kobolds
  4 quokkas
  4 bats
  3 frilled lizards
  4 rats
595 creatures vanquished.

Notes
Turn   | Place    | Note
-------+----------+-------------------------------------------
     0 | D:1      | Pooter the Minotaur Berserker began the quest for the Orb.
     0 | D:1      | Reached XP level 1. HP: 19/19 MP: 0/0
   155 | D:1      | Reached skill level 4 in Axes
   155 | D:1      | Reached XP level 2. HP: 21/27 MP: 1/1
   543 | D:1      | You fall into a shaft and drop 1 floor!
   543 | D:2      | Found an ornate altar of the Wu Jian Council.
   554 | D:2      | Reached XP level 3. HP: 33/33 MP: 2/2
   632 | D:2      | Reached skill level 5 in Axes
   753 | D:2      | Reached XP level 4. HP: 41/41 MP: 3/3
   815 | D:2      | Reached ** piety under Trog
   958 | D:2      | Upgraded the game from 0.32-a0-630-g46d191b0ed to
                  | 0.32-a0-643-ga006e7742e
  1519 | D:3      | Reached skill level 5 in Fighting
  1519 | D:3      | Reached skill level 6 in Axes
  1519 | D:3      | Reached XP level 5. HP: 48/48 MP: 4/4
  1773 | D:3      | Found a burning altar of Makhleb.
  1773 | D:3      | Noticed a balrug
  2000 | D:4      | Found Utronity's Book Emporium.
  2174 | D:4      | Reached skill level 1 in Ranged Weapons
  2201 | D:4      | Reached XP level 6. HP: 38/56 MP: 5/5
  2421 | D:4      | Found a staircase to the Ecumenical Temple.
  2450 | D:4      | Reached skill level 7 in Axes
  2835 | D:5      | Entered Level 5 of the Dungeon
  2940 | D:5      | Reached XP level 7. HP: 50/62 MP: 1/6
  3097 | D:5      | Noticed Sigmund
  3103 | D:5      | Killed Sigmund
  3104 | D:5      | Reached skill level 8 in Axes
  3308 | D:5      | Noticed Eustachio
  3309 | D:5      | Eustachio changed into Eustachio the scorpion
  3309 | D:5      | Noticed Eustachio
  3315 | D:5      | Killed Eustachio the scorpion
  3447 | D:5      | Noticed Blork the orc
  3454 | D:5      | Killed Blork the orc
  3549 | D:5      | Reached skill level 5 in Ranged Weapons
  3549 | D:5      | Reached XP level 8. HP: 71/71 MP: 7/7
  3576 | D:5      | Found a blossoming altar of Fedhas.
  3925 | D:6      | Reached skill level 9 in Axes
  4664 | D:6      | Reached *** piety under Trog
  4875 | D:7      | Reached skill level 10 in Axes
  4905 | D:7      | Reached XP level 9. HP: 79/79 MP: 8/8
  5878 | D:7      | Noticed a troll
  5882 | D:7      | Killed a troll
  5883 | D:7      | Reached skill level 11 in Axes
  6416 | D:7      | Reached skill level 1 in Evocations
  6479 | D:7      | Found a transporter.
  6480 | D:7      | Noticed YayAnonymity's ghost (novice MiFi)
  6653 | D:7      | Found a transporter.
  6705 | D:7      | Noticed a troll
  6716 | D:7      | Killed a troll
  6717 | D:7      | Reached XP level 10. HP: 90/90 MP: 9/9
  6828 | D:8      | Reached skill level 12 in Axes
  7581 | D:8      | Noticed a two-headed ogre
  7588 | D:8      | Killed a two-headed ogre
  7900 | D:8      | Found an ancient bone altar of Kikubaaqudgha.
  7962 | D:8      | Reached skill level 10 in Ranged Weapons
  8101 | D:9      | Identified 2 scrolls of acquirement
  8101 | D:9      | Acquired the +2 orcbow "Undertaker" {flame, rPois rCorr
                  | Dex-5 SInv}
  8103 | D:9      | Acquired a +1 cloak of stealth
  8209 | D:9      | Noticed Jeremiah
  8226 | D:9      | Killed Jeremiah
  8298 | D:9      | Reached skill level 13 in Axes
  8995 | D:9      | Found a broken altar of Ashenzari.
  9018 | D:9      | Found a shadowy altar of Dithmenos.
  9133 | D:10     | Entered Level 10 of the Dungeon
  9207 | D:10     | Noticed a smoke demon
  9212 | D:10     | Reached XP level 11. HP: 99/99 MP: 10/10
  9219 | D:10     | Reached skill level 10 in Fighting
  9227 | D:10     | Found a staircase to the Lair.
  9231 | Lair:1   | Entered Level 1 of the Lair of Beasts
 10109 | D:10     | Noticed a two-headed ogre
 10120 | D:10     | Killed a two-headed ogre
 10121 | D:10     | Reached skill level 14 in Axes
 10603 | Lair:1   | You fall into a shaft and drop 1 floor!
 10920 | Lair:1   | Reached **** piety under Trog
 11414 | Lair:1   | Noticed a boulder beetle
 11428 | Lair:1   | Killed a boulder beetle
 12275 | Lair:2   | Reached XP level 12. HP: 76/108 MP: 11/11
 12276 | Lair:2   | Reached skill level 5 in Evocations
 12535 | Lair:2   | Noticed Harold
 12554 | Lair:2   | Killed Harold
 12555 | Lair:2   | Reached skill level 15 in Axes
 12557 | Lair:2   | Reached skill level 5 in Armour
 12886 | Lair:2   | Noticed a boulder beetle
 12918 | Lair:2   | Killed a boulder beetle
 13002 | Lair:2   | Noticed Sonja
 13003 | Lair:2   | Sonja changed into Sonja the golden eye
 13003 | Lair:2   | Noticed Sonja
 13008 | Lair:2   | Killed Sonja the golden eye
 14352 | Lair:3   | Found a staircase to the Snake Pit.
 14725 | Lair:3   | Found a staircase to the Shoals.
 15775 | Lair:4   | Reached skill level 16 in Axes
 16511 | Lair:4   | Found a staircase to the Slime Pits.
 16511 | Lair:4   | Found a viscous altar of Jiyva.
 16517 | Lair:4   | Reached XP level 13. HP: 105/117 MP: 12/12
 16892 | Lair:5   | Entered Level 5 of the Lair of Beasts
 16919 | Lair:5   | Noticed Urug
 16984 | Lair:5   | Killed Urug
 17690 | Lair:5   | Noticed Rupert
 17718 | Lair:5   | Paralysed by Rupert for 2 turns
 17748 | Lair:5   | Killed Rupert
 18064 | Lair:5   | Reached skill level 17 in Axes
 20267 | Lair:5   | Noticed a dire elephant
 20267 | Lair:5   | Noticed a dire elephant
 20974 | Lair:5   | Identified the +1 rapier of Nemelex Xobeh {speed, rPois
                  | SInv}
 20999 | Lair:5   | Reached XP level 14. HP: 110/127 MP: 13/13
 21006 | Lair:5   | Reached skill level 15 in Ranged Weapons
 22695 | D:11     | Found a shimmering altar of Xom.
 22954 | D:12     | Found a staircase to the Orcish Mines.
 22963 | D:12     | Reached skill level 18 in Axes
 24767 | Orc:1    | Entered Level 1 of the Orcish Mines
 25567 | Orc:2    | Entered Level 2 of the Orcish Mines
 25732 | Orc:2    | Found a roughly hewn altar of Beogh.
 25734 | Orc:2    | Found Jahel's General Store.
 25768 | Orc:2    | Bought a potion of resistance for 160 gold pieces
 26604 | Orc:2    | Found a staircase to the Elven Halls.
 26672 | Orc:2    | Found a roughly hewn altar of Beogh.
 26747 | Orc:2    | Noticed an orc warlord
 26751 | Orc:2    | Found a roughly hewn altar of Beogh.
 26751 | Orc:2    | Found Idiojot's Assorted Antiques.
 26829 | Orc:2    | Bought an opal ring for 120 gold pieces
 26829 | Orc:2    | Bought a scroll labelled JAMULEROFE for 24 gold pieces
 27455 | Orc:2    | Reached XP level 15. HP: 68/137 MP: 14/14
 28165 | Orc:2    | Reached skill level 10 in Armour
 28559 | Orc:2    | Found Quifim's Antique Armour Shop.
 28560 | Orc:2    | Found a roughly hewn altar of Beogh.
 28561 | Orc:2    | Found Pumij's Antique Weapon Boutique.
 29814 | D:13     | HP: 5/122 [centaur/arrow[a centaur warrior] (3)]
 29817 | D:13     | Shot with an arrow by a centaur

Illustrated notes

Levels and vault maps discovered:
D:1:      scummos_arrival_simple_crosswalls, layout_basic
D:2:      layout_loops_ring, basic_altar
D:3:      layout_rooms, makhleb_altar_promises_db, nicolae_grassy_gnolls
D:4:      layout_basic, minmay_temple_entry_hall, serial_shops, shop,
          minmay_tree_intersection
D:5:      layout_basic, mainiacjoe_overflow_chevrons, nrook_mini_backslash,
          corexii_corridor_pit, uniq_sigmund, uniq_eustachio, uniq_blork_the_orc
D:6:      layout_basic
D:7:      layout_loops_ring, gammafunk_ghost_stat_death, minmay_shattered_shrine
D:8:      layout_basic, mainiacjoe_overflow_alcove_1, minmay_crossroads
D:9:      layout_cave_pools, jmf_multi_god_temple2, uniq_jeremiah
D:10:     layout_roguey, hellmonk_lair_entry_icy, nicolae_sextant
D:11:     layout_loops_ring, led_xom_imps
D:12:     layout_long_grid, david_orc_3
D:13:     layout_cross, hellmonk_vaults_order_and_chaos
Lair:1:   layout_layer_cave
Lair:2:   layout_roguey, uniq_sonja, uniq_harold
Lair:3:   layout_regular_city, elwin_shoals_entry_rocks,
          nicolae_snake_entry_squirm
Lair:4:   layout_gridlike, minmay_slime_entry_pillars
Lair:5:   due_jungle_book, layout_gridlike, grunt_megastairs_2, uniq_urug,
          uniq_rupert
Orc:1:    layout_caves
Orc:2:    grunt_orc_community_town_hall, layout_diamond_mine,
          grunt_orc_community_big_house_1, grunt_orc_community_big_house_1,
          grunt_orc_community_house_2, grunt_orc_community_house_1,
          grunt_orc_community_house_2, grunt_orc_community_house_2

Skill      XL: |  1  2  3  4  5  6  7  8  9 10 11 12 13 14 15 |
---------------+----------------------------------------------+-----
Axes           | 4 5 6 7 8 10 11 13 14 16 17 18 | 18.8
Fighting       | 4 5 6 7 8 9 10 11 12 13 14 | 14.0
Ranged Weapons | 1 3 5 7 9 10 12 13 14 16 | 16.4
Evocations     | 1 3 4 6 7 8 |  8.5
Armour         | 4 6 8 9 10 | 10.2
Dodging        | |  2.1

Action                     |  1- 3 |  4- 6 |  7- 9 | 10-12 | 13-15 || total
---------------------------+-------+-------+-------+-------+-------++-------
  Melee: Hand axe          |    42 |   105 |       |       |       ||   147
         Headbutt          |     7 |    19 |    34 |    67 |   128 ||   255
         Whip              |       |    10 |       |       |       ||    10
         War axe           |       |       |    72 |       |       ||    72
         Battleaxe         |       |       |   119 |   308 |   474 ||   901
         Dire flail        |       |       |       |       |     3 ||     3
   Fire: Sling             |       |    31 |    16 |       |       ||    47
         Orcbow            |       |       |    37 |   132 |       ||   169
         Arbalest          |       |       |       |    76 |   281 ||   357
  Throw: Dart              |     3 |     4 |     1 |    11 |       ||    19
         Boomerang         |       |       |       |     2 |     6 ||     8
 Invoke: Berserk           |     2 |     3 |     9 |     7 |    14 ||    35
         Trog's Hand       |       |     1 |     6 |    13 |    35 ||    55
  Evoke: Wand              |       |       |     2 |     4 |    14 ||    20
    Use: Scroll            |       |     4 |     5 |    16 |     5 ||    30
         Potion            |       |       |       |       |     9 ||     9
 Armour: Ring mail         |    27 |    29 |       |       |       ||    56
         Animal skin       |     1 |       |       |       |       ||     1
         Plate armour      |       |    49 |   219 |   409 |   805 ||  1482
  Dodge: Dodged            |    28 |    41 |    81 |   197 |   382 ||   729
  Block: Kite shield       |     7 |    59 |    45 |       |       ||   111

Table legend: (Time is in decaauts)
 A = Elapsed time spent in this place.
 B = Non-inter-level travel time spent in this place.
 C = Inter-level travel time spent in this place.
 D = Time resting spent in this place.
 E = Time spent auto-exploring this place.
 F = Levels seen in this place.
 G = Mean time per level.
                   A        B        C        D        E       F      G
               +--------+--------+--------+--------+--------+-----+--------+
         Total |  30286 |  29744 |    542 |  14336 |  10799 |  20 | 1514.3 |
       Dungeon |  14826 |  14612 |    214 |   5359 |   7015 |  13 | 1140.5 |
          Lair |  11652 |  11349 |    303 |   6529 |   3234 |   5 | 2330.4 |
  Orcish Mines |   3807 |   3783 |     24 |   2447 |    549 |   2 | 1903.5 |
               +--------+--------+--------+--------+--------+-----+--------+

Top non-repeatable levels by time:
  Lair:5: 4961 daAuts
   Orc:2: 2854 daAuts
    D:12: 2604 daAuts
  Lair:3: 1894 daAuts
     D:7: 1884 daAuts
  Lair:4: 1831 daAuts
  Lair:1: 1662 daAuts
    D:10: 1518 daAuts
     D:8: 1317 daAuts
  Lair:2: 1304 daAuts
     D:6: 1246 daAuts
     D:9: 1053 daAuts
     D:5: 998 daAuts
    D:11: 996 daAuts
   Orc:1: 952 daAuts
